 Dungeon Crawl Stone Soup version 0.21-a0-193-g085b6a0 (webtiles) character file.

127 Helio the Vexing (level 4, -1/21 HPs)
             Began as a Spriggan Enchanter on Aug 14, 2017.
             Killed from afar by an orc wizard (7 damage)
             ... with a puff of frost
             ... on level 3 of the Dungeon.
             The game lasted 00:07:46 (3878 turns).

Helio the Vexing (Spriggan Enchanter)               Turns: 3878, Time: 00:07:47

Health: -1/21      AC:  3    Str:  4    XL:     4   Next: 85%
Magic:  0/11       EV: 18    Int: 17    God:
Gold:   101        SH:  0    Dex: 16    Spells: 0/12 levels left

rFire    . . .     SeeInvis +   a - +1 dagger
rCold    . . .     Gourm    .   (shield restricted)
rNeg     . . .     Faith    .   b - +1 robe
rPois    .         Spirit   .   (helmet restricted)
rElec    .         Reflect  .   (no cloak)
rCorr    .         Harm     .   (gloves unavailable)
MR       .....                  (boots unavailable)
Stlth    +++.......             (no amulet)
HPRegen  0.07/turn              (no ring)
MPRegen  0.12/turn              (no ring)

@: very quick
A: unfitting armour, see invisible, herbivore 3, speed 3, slow metabolism 2
a: no special abilities


You were on level 3 of the Dungeon.
You were full.

You visited 1 branch of the dungeon, and saw 3 of its levels.

You collected 101 gold pieces.

Inventory:

Hand Weapons
 a - a +1 dagger (weapon)
Armour
 b - a +1 robe (worn)
 h - a +0 robe of positive energy
Scrolls
 g - 2 scrolls of enchant armour
 k - a scroll of remove curse
Potions
 e - 2 potions of lignification
 f - a potion of agility {unknown}
 i - a potion of haste {unknown}
 j - a potion of magic {unknown}
Comestibles
 d - a bread ration


   Skills:
 - Level 1.1 Short Blades
 - Level 3.0 Dodging
 - Level 4.4 Stealth
 + Level 4.8 Spellcasting
 + Level 5.3 Hexes


You couldn't memorise any spells.
You knew the following spells:

 Your Spells              Type           Power        Failure   Level  Hunger
a - Ensorcelled Hibernat  Hex/Ice        ##....       7%          2    #......
b - Corona                Hex            ###....      1%          1    None
c - Confuse               Hex            ###.....     4%          3    ###....
d - Tukima's Dance        Hex            ###.....     4%          3    ###....
e - Dazzling Spray        Conj/Hex       ##....       14%         3    ###....


Dungeon Overview and Level Annotations

Branches:
Dungeon (3/15)

Altars:
Okawaru


Innate Abilities, Weirdness & Mutations

You are very small and have problems with some larger weapons.
You are too small for most types of armour.
You have supernaturally acute eyesight. (SInv)
You are a herbivore.
You cover ground extremely quickly.
You need consume almost no food.


Message History

You are too injured to fight recklessly!
Casting: Dazzling Spray
Confirm with . or Enter, or press ? or * to list all spells.
Aiming: Dazzling Spray
Press: ? - help, Shift-Dir - straight line, f/p - orc wizard
Aim: an orc wizard, wielding a dagger and wearing a robe (heavily wounded, fast)
The spray of energy hits the orc wizard.
The orc wizard is severely wounded.
The orc wizard is dazzled.
The orc wizard completely misses you.
You hit the orc wizard but do no damage.
The orc wizard is severely wounded.
The orc wizard misses you. The orc wizard closely misses you.
You hit the orc wizard.
The orc wizard is severely wounded.
The orc wizard barely misses you.
You hit the orc wizard but do no damage.
The orc wizard is severely wounded.
The orc wizard casts a spell at you. The puff of frost hits you!
You die...

#.##...#####
#......##.###### .
+......##.# #.
#......##.# #.
#......##.# #.
#......##.##########
##.##......##.........
.
......o.).............
#...@..............
#.....†..........####
#...############.# #..
#......#.# #.
###.#...(... #
#.........$.. .
#.#........
..###..........
...............


You could see an orc wizard (blind).

Vanquished Creatures
  4 adders (D:2)
  3 oozes (D:2)
  3 dart slugs
  A leopard gecko (D:1)
  5 orcs (D:3)
  4 giant cockroaches
  6 goblins
  8 hobgoblins
  4 jackals (D:1)
  9 bats
  4 frilled lizards
  4 kobolds
  11 rats
66 creatures vanquished.

Notes
Turn   | Place    | Note
-------+----------+-------------------------------------------
     0 | D:1      | Helio the Spriggan Enchanter began the quest for the Orb.
     0 | D:1      | Reached XP level 1. HP: 9/9 MP: 5/5
   167 | D:1      | Reached skill level 4 in Hexes
   185 | D:1      | Reached XP level 2. HP: 13/13 MP: 7/7
   189 | D:1      | Learned a level 2 spell: Ensorcelled Hibernation
  1244 | D:1      | Reached XP level 3. HP: 15/16 MP: 1/9
  1505 | D:1      | Learned a level 3 spell: Confuse
  1530 | D:1      | Learned a level 3 spell: Tukima's Dance
  2457 | D:2      | Reached skill level 5 in Hexes
  2463 | D:2      | Reached XP level 4. HP: 16/21 MP: 1/11
  3693 | D:3      | Found an iron altar of Okawaru.
  3712 | D:3      | Learned a level 3 spell: Dazzling Spray
  3878 | D:3      | Killed from afar by an orc wizard

Vault maps used:
D:1:      dpeg_arrival_court, amethyst_killhole, hangedman_glass_garden
D:2:      first_bread, dk_noncrumbling_4
D:3:      old_standard_altar, fedhas_altar_1, uniq_terence

Skill      XL: |  1  2  3 |
---------------+----------+-----
Spellcasting   | 3 4 |  4.8
Hexes          | 4 5 |  5.3
Short Blades   | |  1.1
Dodging        | |  3.0
Stealth        | |  4.4

Action                   |  1- 3 |  4- 6 || total
-------------------------+-------+-------++-------
Melee: Dagger            |   166 |   101 ||   267
 Cast: Corona            |     7 |       ||     7
       Ensorcelled Hiber |    29 |    14 ||    43
       Dazzling Spray    |       |     4 ||     4
  Use: Scroll            |     5 |     2 ||     7
       Potion            |     1 |       ||     1
 Stab: Sleeping          |    16 |     7 ||    23
  Eat: Bread ration      |       |     1 ||     1
       Royal jelly       |       |     1 ||     1
Armor: Robe              |    16 |    10 ||    26
Dodge: Dodged            |   179 |    75 ||   254
